 Dungeon Crawl Stone Soup version 0.22-a0-374-g5dfd9e3 (webtiles) character file.

7 4thArraOfDagon the Magician (level 1, -1/13 HPs)
             Began as a Mummy Ice Elementalist on Apr 26, 2018.
             Slain by an orc
             ... wielding a +0 hand axe
              (7 damage)
             ... on level 3 of the Dungeon.
             The game lasted 00:00:58 (148 turns).

4thArraOfDagon the Magician (Mummy Ice Elementalist) Turns: 148, Time: 00:00:59

Health: -1/13      AC:  2    Str: 11    XL:     1   Next: 83%
Magic:  4/4        EV: 12    Int: 14    God:
Gold:   0          SH:  0    Dex: 12    Spells: 5/6 levels left

rFire    x . .     SeeInvis .   e - -3 mace (curse)
rCold    + . .     Gourm    .   (no shield)
rNeg     + + +     Faith    .   a - +0 robe
rPois    ∞         Spirit   .   (no helmet)
rElec    .         Reflect  .   (no cloak)
rCorr    .         Harm     .   (no gloves)
MR       .....                  (no boots)
Stlth    ++........             (no amulet)
HPRegen  0.04/turn              (no ring)
MPRegen  0.09/turn              (no ring)

@: no status effects
A: no food or potions, fire vulnerability, cold resistance 1, negative energy
resistance 3, torment resistance, unbreathing
a: no special abilities


You were on level 3 of the Dungeon.
You were not hungry.

You visited 1 branch of the dungeon, and saw 3 of its levels.

Inventory:

Hand Weapons
 b - a +0 whip
 e - a cursed -3 mace (weapon)
Armour
 a - a +0 robe (worn)
Scrolls
 c - a scroll of teleportation {unknown}
 d - a scroll of identify {unknown}


   Skills:
 - Level 1.5 Dodging
 - Level 1.5 Stealth
 + Level 3.0 Spellcasting
   Level 0.7 Conjurations
 * Level 2.7 Ice Magic


You had 5 spell levels left.
You knew the following spells:

 Your Spells              Type           Power        Failure   Level  Hunger
a - Freeze                Ice            #...         7%          1    N/A

Dungeon Overview and Level Annotations

Branches:
Dungeon (3/15)

Altars:


Innate Abilities, Weirdness & Mutations

You do not eat or drink.
Your flesh is vulnerable to fire.
You are immune to poison.
Your flesh is cold resistant. (rC+)
You are immune to negative energy. (rN+++)
You are immune to unholy pain and torment.
You can survive without breathing.


Message History

The orc moves out of view.
You hear a shout!
Found a stone staircase leading up.
An orc comes into view.
Unknown command.
Unknown command.
An orc priest comes into view. It is wielding a flail.
The orc priest shouts!
The orc priest looks satisfied for a moment.
Found 21 bolts.
A rat comes into view.
The orc shouts!
The orc priest looks encouraged for a moment.
The orc barely misses you.
There is a stone staircase leading down here.
Unknown command.
Unknown command.
The orc wizard hits you with a dagger. The orc hits you with a hand axe!
Ouch! That really hurt!
You die...

#†# #.#
######.#
#......#
#.######
#.# #.#
#.####
#@o..#
#oo..#
.........
#.o.......
#......<..
#.o.....r.
....(.....
####.#####


You could see an orc priest, an orc wizard, 3 orcs and a rat (wandering).

Vanquished Creatures
  2 giant cockroaches (D:1)
  2 frilled lizards (D:1)
  2 kobolds
  2 rats
8 creatures vanquished.

Notes
Turn   | Place    | Note
-------+----------+-------------------------------------------
     0 | D:1      | 4thArraOfDagon the Mummy Ice Elementalist began the quest for the Orb.
     0 | D:1      | Reached XP level 1. HP: 13/13 MP: 4/4
   133 | D:3      | Reached skill level 3 in Spellcasting
   144 | D:3      | Noticed an orc wizard
   146 | D:3      | Noticed an orc priest
   148 | D:3      | Slain by an orc

Vault maps used:
D:1:      dpeg_arrival_rooms_c
D:2:      marbit_many_paths

Skill      XL: |  1 |
---------------+----+-----
Spellcasting   | 3 |  3.0
Dodging        | |  1.5
Stealth        | |  1.5
Conjurations   | |  0.7
Ice Magic      | |  2.7

Action                   || total
-------------------------++-------
Melee: Whip              ||     9
 Cast: Freeze            ||    11
Armor: Robe              ||     3
Dodge: Dodged            ||    15

Table legend:
 A = Spawn XP
 B = Non-spawn XP
 C = Spawn XP percentage of total XP
 D = Spawn monster count
 E = Non-spawn monster count
 F = Spawn count percentage of total count
 G = Total turns spent on level
                    A         B        C        D         E        F      G
               +---------+---------+-------+---------+---------+-------+---------
         Total |       0 |      10 |   0.0 |       0 |       8 |   0.0 |   148
               +---------+---------+-------+---------+---------+-------+---------
           D:1 |       0 |       8 |   0.0 |       0 |       6 |   0.0 |   115
           D:2 |       0 |       1 |   0.0 |       0 |       1 |   0.0 |    17
           D:3 |       0 |       1 |   0.0 |       0 |       1 |   0.0 |    16
               +---------+---------+-------+---------+---------+-------+---------
